Map: [ESL] Inside and Out

Players

Serral - Winner!

  • Race: Zerg Zerg
  • Spawn Location: 7:00

SKillous

  • Race: Protoss Protoss
  • Spawn Location: 1:00

Event: DreamHack SC2 Masters 2022 Atlanta (Online)

VOD

Have the link to the VOD?

Description

Time

  • Played on: Oct. 14, 2022, 1:07 p.m.
  • Length: 5:30

All games in this series

Show
View Real Time Build Order
Export as new Build Order

Serral Zerg - Winner!

Build Orders: Hatch First 

Get SALT Encoding   

  12  0:00  Drone  
  13  0:12  Overlord  
  13  0:16  Drone  
  14  0:30  Drone x2  
  16  0:47  Hatchery  
  15  0:50  Drone  
  15  0:53  Drone  
  17  0:57  Drone  
  18  1:08  Extractor  
  17  1:12  Spawning Pool  
  17  1:15  Drone  
  17  1:19  Drone  
  18  1:27  Drone  
  19  1:38  Drone  
  20  1:48  Overlord  
  20  1:59  Queen  
  20  2:00  Zergling x2  
  20  2:01  Drone  
  26  2:13  Drone x2, Roach Warren  
  25  2:22  Drone  
  26  2:28  Hatchery  
  26  2:29  Drone  
  26  2:34  Overlord  
  26  2:42  Metabolic Boost  
  26  2:53  Roach x2  
  26  2:56  Roach x2  
  34  3:04  Queen  
  36  3:06  Roach  
  36  3:09  Drone  
  36  3:12  Drone  
  40  3:19  Drone x2  
  42  3:25  Overlord  
  42  3:27  Drone x2  
  44  3:35  Overlord  
  44  3:38  Overlord  
  44  3:41  Drone x2  
  44  3:47  Queen  
  47  3:50  Drone  
  47  3:51  Drone  
  47  3:54  Drone  
  50  3:56  Drone  
  50  4:01  Drone x2  
  50  4:02  Drone  
  54  4:06  Zergling x4  
  57  4:10  Zergling x4  
  57  4:14  Zergling x4  
  60  4:20  Zergling x6  
  60  4:24  Overlord  
  63  4:26  Ravager x2  
  63  4:27  Zergling x4  
  67  4:31  Ravager  
  66  4:40  Zergling x6  
  66  4:47  Zergling x6  
  66  4:50  Zergling x2, Overlord  
  66  4:51  Zergling x8  
  73  5:01  Drone x5  
  73  5:03  Drone  
  81  5:09  Drone  
  81  5:12  Drone  
  82  5:17  Drone  
  86  5:28  Extractor  
Show
View Real Time Build Order
Export as new Build Order

SKillous Protoss 

Build Orders: Nexus First 

Get SALT Encoding   

  12  0:00  Probe  
  13  0:12  Probe  
  14  0:17  Pylon  
  14  0:24  Probe  
  15  0:36  Probe  
  16  0:48  Probe  
  17  0:57  Nexus  
  17  1:07  Gateway  
  17  1:10  Probe  
  18  1:15  Assimilator  
  18  1:22  Probe  
  19  1:30  Gateway  
  19  1:34  Probe  
  19  1:37  Pylon  
  20  1:47  Probe  
  21  1:55  Cybernetics Core  
  21  1:56  Zealot  
  21  2:00  Probe (Chrono Boost)  
  24  2:11  Probe (Chrono Boost)  
  24  2:14  Probe (Chrono Boost)  
  26  2:19  Probe (Chrono Boost)  
  26  2:21  Probe (Chrono Boost)  
  28  2:24  Probe (Chrono Boost)  
  28  2:28  Adept x2 (Chrono Boost)  
  29  2:30  Probe  
  29  2:32  Warp Gate  
  29  2:36  Probe  
  35  2:42  Probe  
  36  2:48  Probe  
  36  2:51  Adept, Pylon  
  37  2:53  Stalker  
  37  2:55  Probe  
  42  3:00  Probe  
  43  3:07  Probe  
  43  3:12  Probe  
  45  3:19  Shield Battery, Probe  
  46  3:22  Shield Battery  
  46  3:24  Probe  
  46  3:27  Shield Battery  
  46  3:30  Assimilator  
  46  3:31  Probe  
  46  3:32  Pylon  
  47  3:36  Probe  
  48  3:41  Pylon  
  48  3:43  Probe  
  49  3:48  Probe (Chrono Boost)  
  51  3:55  Probe (Chrono Boost)  
  51  4:00  Probe (Chrono Boost), Assimilator  
  52  4:06  Nexus, Probe (Chrono Boost)  
  52  4:07  Probe (Chrono Boost), Pylon  
  54  4:12  Probe  
  54  4:14  Twilight Council  
  54  4:16  Probe  
  56  4:22  Stalker x2  
  60  4:25  Probe  
  60  4:29  Gateway  
  60  4:30  Gateway  
  61  4:32  Gateway  
  61  4:37  Gateway  
  61  4:38  Probe  
  61  4:42  Probe  
  57  4:47  Stalker x2  
  61  4:53  Shield Battery, Probe  
  60  5:02  Probe  
  53  5:10  Stalker x2  
  53  5:12  Probe  
  55  5:14  Probe  
Tags
 
Add a new tag
Caveats
  • Supply blocks, unpowered buildings, or Contaminate may cause inaccurate times.
  • Supply counts are checked every 10 seconds.